 Dungeon Crawl Stone Soup version 0.29.1-14-g9c671dbff4 (webtiles) character file.

Game seed: 10926134086731047176

107 Ast3rio the Covered (level 4, -4/40 HPs)
             Began as a Hill Orc Fighter on Feb 17, 2023.
             Slain by an orc warrior
             ... wielding a +0 battleaxe
              (8 damage)
             ... on level 4 of the Dungeon.
             The game lasted 00:07:58 (3232 turns).

Ast3rio the Covered (Hill Orc Fighter)              Turns: 3232, Time: 00:07:59

Health: -4/40      AC: 11    Str: 20    XL:     4   Next: 86%
Magic:  13/13      EV: 10    Int:  8    God:
Gold:   156        SH:  0    Dex: 10    Spells: 3/3 levels left

rFire   . . .      SeeInvis .   s - +4 quarterstaff (chaos)
rCold   . . .      Faith    .   (shield currently unavailable)
rNeg    . . .      Spirit   .   b - +0 scale mail
rPois   .          Reflect  .   (no helmet)
rElec   .          Harm     .   (no cloak)
rCorr   .          Rampage  .   (no gloves)
Will    .....                   (no boots)
Stlth   ..........              (no amulet)
HPRegen 0.13/turn               g - +4 ring of protection
MPRegen 0.13/turn               u - ring of magical power

@: no status effects
A: no striking features
a: no special abilities


You were on level 4 of the Dungeon.
You visited 1 branch of the dungeon, and saw 4 of its levels.

You collected 156 gold pieces.

Inventory:

Hand Weapons
 a - a +0 war axe
 q - a +1 dagger of freezing
 s - a +4 quarterstaff of chaos (weapon)
Armour
 b - a +0 scale mail (worn)
 c - a +0 buckler
Jewellery
 g - a +4 ring of protection (left hand)
 h - a ring of resist corrosion
 k - a ring of flight
 u - a ring of magical power (right hand)
Scrolls
 e - 3 scrolls of teleportation {unknown}
 i - 2 scrolls of enchant weapon {unknown}
 l - a scroll of enchant armour {unknown}
 m - a scroll of identify {unknown}
 n - 2 scrolls of magic mapping {unknown}
 o - 2 scrolls of butterflies {unknown}
 r - 2 scrolls of amnesia {unknown}
Potions
 d - a potion of might
 f - 2 potions of attraction {unknown}
 j - a potion of curing {unknown}
 p - a potion of degeneration {unknown}
 t - a potion of resistance {unknown}


   Skills:
 + Level 4.1 Fighting
 + Level 0.6 Short Blades
 + Level 3.7 Axes
 + Level 4.1 Armour
 + Level 1.2 Dodging
 + Level 3.7 Shields


You had 3 spell levels left.
You didn't know any spells.
Your spell library contained the following spells:

 Spells                   Type           Power      Damage    Failure   Level
 Freeze                   Ice            0%         1d3       77%         1
 Poisonous Vapours        Pois/Air       0%         N/A       88%         2
 Frozen Ramparts          Ice            0%         1d1       98%         3
 Hailstorm                Conj/Ice       0%         3d3       100%        4
 Agony                    Necr           0%         N/A       100%        5


Dungeon Overview and Level Annotations

Branches:
Dungeon (4/15)
 Temple: D:4-7

Altars:
Xom


Message History

The iguana hisses angrily.
There is a stone staircase leading up here.
An iguana is nearby!
An orc comes into view. It is wielding a +0 dagger.
The orc shouts!
The orc moves out of view.
You sock the iguana!
The iguana goes berserk!
The iguana is severely wounded.
The iguana misses you. The iguana closely misses you.
You closely miss the iguana.
The iguana is severely wounded.
The iguana barely misses you.
An orc warrior comes into view. It is wielding a +0 battleaxe.
The orc warrior shouts!
You hit the iguana. You freeze the iguana.
The iguana is almost dead.
You hear a shout!
The iguana bites you! x2
You are too injured to fight recklessly!
You are too injured to fight recklessly!
You are too injured to fight recklessly!
You are too injured to fight recklessly!
You are too injured to fight recklessly!
You hit the iguana. You burn the iguana.
You kill the iguana!
A goblin comes into view. It is wielding a +0 club.
The orc hits you with a +0 dagger.
Your Dodging skill increases to level 1!
You see here an iguana corpse.
You hit the orc but do no damage. The orc hits you but does no damage.
You hit the orc.
The orc is severely wounded.
The orc blinks!
The orc warrior hits you with a +0 battleaxe!
* * * LOW HITPOINT WARNING * * *
A worm comes into view.
You sock the orc warrior!
The orc warrior is moving more slowly.
The orc warrior is moderately wounded.
The orc warrior hits you with a +0 battleaxe!
You die...

. ##. #..
#.# #.# #.#
#. #.#
#..######<#
#...@....#
#.#.#o#####
#.g.# #.###
#.. #.# #w.
..


You could see an orc warrior (petrifying), a worm and a goblin.

Vanquished Creatures
  Crazy Yiuf (D:2)
  An iguana (D:4)
  3 dart slugs
  2 orcs (D:3)
  4 ball pythons
  3 endoplasms
  4 goblins
  4 hobgoblins
  5 jackals
  3 quokkas
  4 bats
  5 kobolds
  6 rats
45 creatures vanquished.

Notes
Turn   | Place    | Note
-------+----------+-------------------------------------------
     0 | D:1      | Ast3rio the Hill Orc Fighter began the quest for the Orb.
     0 | D:1      | Reached XP level 1. HP: 19/19 MP: 1/1
   168 | D:1      | Reached XP level 2. HP: 27/27 MP: 2/2
  1038 | D:1      | Found a faded altar of an unknown god.
  1038 | D:1      | Noticed a neqoxec
  1089 | D:1      | Got the Opusculum on Septic Gloom
  1413 | D:2      | Reached XP level 3. HP: 29/33 MP: 3/3
  2033 | D:2      | Found a runed translucent door.
  2034 | D:2      | Noticed Crazy Yiuf
  2117 | D:2      | Killed Crazy Yiuf
  2118 | D:2      | Reached XP level 4. HP: 23/40 MP: 4/4
  3070 | D:3      | Found a shimmering altar of Xom.
  3226 | D:4      | Noticed an orc warrior
  3229 | D:4      | Reached skill level 1 in Dodging
  3232 | D:4      | Slain by an orc warrior

Illustrated notes

Levels and vault maps discovered:
D:1:      psy_arrival_basics, layout_basic,
          dreamdust_ecumenical_altar_sealed_demon
D:2:      layout_loops_ring, uniq_crazy_yiuf_cottage
D:3:      layout_loops_ring, nicolae_overflow_hidden_temple
D:4:      layout_loops_ring, gammafunk_ghost_mausoleum, minmay_manual_mail

Skill      XL: |  1  2  3  4 |
---------------+-------------+-----
Axes           | 3 |  3.7
Fighting       | 4 |  4.1
Armour         | 4 |  4.1
Dodging        | 1 |  1.2
Short Blades   | |  0.6
Shields        | |  3.7

Action                   |  1- 3 |  4- 6 || total
-------------------------+-------+-------++-------
Melee: War axe           |    45 |       ||    45
       Dagger            |    39 |     2 ||    41
       Quarterstaff      |       |    33 ||    33
Armor: Scale mail        |    56 |    20 ||    76
Dodge: Dodged            |    49 |    19 ||    68
Block: Buckler           |    24 |       ||    24
